 Dungeon Crawl Stone Soup version 0.24.0-2-g5b39cebb1c (webtiles) character file.

Game seed: 10181101542641887178, levelgen mode: deterministic

10913 Arum the Carver (level 11, -9/72 HPs)
             Began as a Tengu Gladiator on Oct 29, 2019.
             Was a Believer of Ru.
             Killed from afar by Erolcha (24 damage)
             ... with a bolt of cold
             ... on level 11 of the Dungeon.
             The game lasted 00:22:26 (10283 turns).

Arum the Carver (Tengu Gladiator)                  Turns: 10283, Time: 00:22:27

Health: -9/72      AC:  1    Str: 14    XL:     11   Next: 69%
Magic:  12/12      EV: 23    Int: 10    God:    Ru [**....]
Gold:   521        SH:  5    Dex: 18    Spells: 10/10 levels left

rFire    . . .     SeeInvis .   T - +3 scimitar
rCold    . . .     Gourm    .   k - +0 buckler
rNeg     . . .     Faith    .   N - +0 troll leather armour
rPois    .         Spirit   .   c - +0 hat
rElec    .         Reflect  .   (no cloak)
rCorr    .         Harm     .   (no gloves)
MR       .....                  (boots unavailable)
Stlth    +.........             E - amulet of regeneration
HPRegen  1.02/turn              R - +2 ring of slaying
MPRegen  0.13/turn              x - +6 ring of slaying

@: corroded, flying quickly and evasively, quick
A: beak, talons 3, hated by all, no fire magic, no hexes magic, no
translocations magic, able to fly
a: Stop Flying, Renounce Religion


You were on level 11 of the Dungeon.
You worshipped Ru.
Ru was pleased with you.
You were not hungry.

You visited 2 branches of the dungeon, and saw 12 of its levels.

You collected 623 gold pieces.
You spent 102 gold pieces at shops.

Inventory:

Hand Weapons
 A - a +2 falchion of holy wrath
 F - a +2 falchion of flaming
 O - a +0 great sword
 T - a +3 scimitar (weapon)
Missiles
 d - 4 throwing nets (quivered)
Armour
 c - a +0 hat (worn)
 g - a +0 ring mail
 j - a +0 crystal plate armour
 k - a +0 buckler (worn)
 t - a +4 chain mail of poison resistance
 N - a +0 troll leather armour (worn)
Jewellery
 o - an uncursed ring of ice
 x - a +6 ring of slaying (right hand)
 E - an amulet of regeneration (around neck)
 R - a +2 ring of slaying (left hand)
Wands
 l - a wand of random effects (12)
 K - a wand of acid (8)
 M - a wand of clouds (8)
 Q - a wand of polymorph (6)
Scrolls
 b - a scroll of enchant weapon {unknown}
 e - 7 scrolls of teleportation
 h - 2 scrolls of identify
 i - 2 scrolls of enchant armour {unknown}
 u - a scroll of magic mapping {unknown}
 y - 4 scrolls of remove curse
 B - 2 scrolls of fog {unknown}
 D - a scroll of vulnerability {unknown}
 G - a scroll of fear {unknown}
 S - a scroll of blinking {unknown}
Potions
 a - 3 potions of haste
 m - 2 potions of magic {unknown}
 n - 2 potions of curing
 p - 7 potions of flight {unknown}
 r - a potion of brilliance {unknown}
 s - a potion of cancellation {unknown}
 v - 3 potions of heal wounds {unknown}
 w - 2 potions of mutation {unknown}
 z - 2 potions of lignification {unknown}
 C - a potion of ambrosia {unknown}
 H - 2 potions of invisibility {unknown}
 I - a potion of resistance {unknown}
 J - a potion of might {unknown}
 P - 2 potions of degeneration {unknown}
Comestibles
 f - 21 rations


   Skills:
 + Level 9.9 Fighting
 + Level 11.0 Long Blades
 - Level 2.0 Throwing
 + Level 7.9 Armour
 - Level 10.0 Dodging
 - Level 4.1 Shields


You had 10 spell levels left.
You didn't know any spells.
Your spell library contained the following spells:

 Spells                   Type           Power        Failure   Level  Hunger
 Beastly Appendage        Tmut           #.....       41%         1    ##.....
 Magic Dart               Conj           #...         41%         1    ##.....
 Mephitic Cloud           Conj/Pois/Air  #.......     80%         3    ####...
 Spider Form              Tmut/Pois      #.........   80%         3    ####...
 Ice Form                 Ice/Tmut       #.......     99%         4    #####..
 Blade Hands              Tmut           #.........   100%        5    ######.
 Animate Skeleton         Necr           Unusable     N/A         1    N/A
 Apportation              Tloc           Unusable     N/A         1    N/A
 Confusing Touch          Hex            Unusable     N/A         1    N/A
 Summon Small Mammal      Summ           Unusable     N/A         1    N/A
 Blink                    Tloc           Unusable     N/A         2    N/A
 Call Imp                 Summ           Unusable     N/A         2    N/A
 Slow                     Hex            Unusable     N/A         2    N/A
 Sticks to Snakes         Tmut           Unusable     N/A         2    N/A
 Conjure Flame            Conj/Fire      Unusable     N/A         3    N/A

Dungeon Overview and Level Annotations

Branches:
Dungeon (11/15)            Temple (1/1) D:7            Lair (0/6) D:10
    Orc: D:9-12

Altars:
Ashenzari
Cheibriados
Dithmenos
Elyvilon
Fedhas
Gozag
Hepliaklqana
Kikubaaqudgha
Makhleb
Nemelex Xobeh
Okawaru
Qazlal
Ru
Sif Muna
Trog
Uskayaw
Vehumet
Wu Jian
Xom
Yredelemnul
Zin
The Shining One

Shops:
D:7 %   D:8 }:=(

Annotations:
D:11 Erolcha


Innate Abilities, Weirdness & Mutations

You have a beak for a mouth.
You have claws for feet.
You are hated by all.
You cannot study or cast Fire magic.
You cannot study or cast Hexes magic.
You cannot study or cast Translocations magic.
You can fly continuously.


Message History

A jackal comes into view.
Evoke which item? (* to show all) (? for menu, Esc to quit)
Aiming: Corrosive Bolt
Press: ? - help, Shift-Dir - straight line, f - Erolcha
Aim: Erolcha, wielding a +0 giant club, wearing a +0 robe and carrying a wand of acid (6) (fast, blind)
The bolt of acid hits Erolcha!
Erolcha is splashed with acid!
Erolcha is moderately wounded.
The jackal barks!
Erolcha zaps a wand.
The bolt of acid hits you!!
You are splashed with acid!
* * * LOW HITPOINT WARNING * * *
Evoke which item? (* to show all) (? for menu, Esc to quit)
Aiming: Corrosive Bolt
Press: ? - help, Shift-Dir - straight line, f/p - Erolcha
Aim: Erolcha, wielding a +0 giant club, wearing a +0 robe and carrying a wand of acid (5) (moderately wounded, fast, blind)
The bolt of acid hits Erolcha!
Erolcha is splashed with acid.
The acid corrodes Erolcha!
Erolcha is severely wounded.
Erolcha gestures at you while chanting. The bolt of cold hits you!!
You die...

# #........#
#..###.#.# #.
#..#.# #
#.###.##.########
#.#...h..#)#......#
#.#....h##[#.####.#
#........#......#.#
#.....O..###.##.#.#
#....@...# #.##.#.#
#........# #.##.#.#
#........# #.##.#.#
#........# #.##.#.#
#........# #.##.#.#
#.#.....## #.##.#.#
#.#.....####.##.#<#
# #..........# #.#
#####.###### ###


You could see Erolcha (blind) and 2 jackals.

Vanquished Creatures
  Josephine (D:11)
  A two-headed ogre (D:8)
  An unseen horror (D:11)
  2 ugly things (D:11)
  A cyclops (D:9)
  A troll (D:9)
  Prince Ribbit (D:6)
  A spriggan (D:8)
  5 wraiths (D:11)
  9 yaks
  Sigmund (D:6)
  A hungry ghost (D:7)
  Menkaure (D:6)
  Duvessa (D:6)
  4 orc warriors
  2 sky beasts
  2 ice beasts
  A black bear (D:8)
  2 phantoms
  A necrophage (D:8)
  6 ogres
  3 centaurs
  2 big kobolds
  A wyvern zombie (D:8)
  4 bullfrogs
  A gnoll sergeant (D:5)
  Dowan (D:6)
  2 scorpions
  4 killer bees (D:9)
  7 wights
  2 howler monkeys
  2 bullfrog zombies
  2 centaur zombies
  3 crimson imps
  2 hounds
  7 orc priests
  2 centaur skeletons
  5 orc wizards
  A bullfrog skeleton (D:5)
  Jessica (D:2)
  Terence (D:3)
  3 iguanas
  4 worker ants
  A howler monkey zombie (D:5)
  A worker ant zombie (D:5)
  A hound skeleton (D:8)
  13 gnolls
  12 adders
  A shadow imp (D:5)
  2 oozes
  An adder zombie (D:5)
  4 adder skeletons
  A worm (D:6)
  A dart slug (D:2)
  5 leopard geckos
  21 orcs
  5 giant cockroaches
  7 goblins
  9 hobgoblins
  11 jackals (D:1)
  26 kobolds
  3 quokkas
  8 bats
  5 frilled lizards
  A jackal zombie (D:8)
  A leopard gecko skeleton (D:4)
  10 rats
255 creatures vanquished.

Notes
Turn   | Place    | Note
-------+----------+-------------------------------------------
     0 | D:1      | Arum the Tengu Gladiator began the quest for the Orb.
     0 | D:1      | Reached XP level 1. HP: 12/12 MP: 2/2
    57 | D:1      | Reached XP level 2. HP: 13/17 MP: 3/3
   513 | D:1      | Reached XP level 3. HP: 22/22 MP: 4/4
   989 | D:2      | Found a stormy altar of Qazlal.
  1028 | D:2      | Reached skill level 4 in Long Blades
  1033 | D:2      | Noticed Jessica
  1050 | D:2      | Reached XP level 4. HP: 25/27 MP: 5/5
  1052 | D:2      | Killed Jessica
  1052 | D:2      | Reached skill level 1 in Shields
  1269 | D:2      | Gained mutation: You can fly continuously. [Tengu growth]
  1269 | D:2      | Reached XP level 5. HP: 13/32 MP: 6/6
  2607 | D:3      | Noticed Terence
  2634 | D:3      | Killed Terence
  2634 | D:3      | Reached XP level 6. HP: 28/37 MP: 7/7
  3706 | D:4      | Found a glowing silver altar of Zin.
  3707 | D:4      | Found an opulent altar of Gozag.
  3930 | D:4      | Reached skill level 5 in Dodging
  3930 | D:4      | Reached XP level 7. HP: 42/42 MP: 8/8
  3999 | D:5      | Entered Level 5 of the Dungeon
  4055 | D:5      | Found a blossoming altar of Fedhas.
  4055 | D:5      | Found an ancient bone altar of Kikubaaqudgha.
  4078 | D:5      | Reached skill level 5 in Long Blades
  4352 | D:5      | Reached XP level 8. HP: 26/48 MP: 9/9
  4685 | D:5      | Reached skill level 6 in Long Blades
  4782 | D:5      | Reached skill level 5 in Fighting
  5521 | D:6      | Noticed Sigmund
  5527 | D:6      | Killed Sigmund
  5637 | D:6      | Noticed Menkaure
  5642 | D:6      | Killed Menkaure
  5798 | D:6      | Found a sparkling altar of Nemelex Xobeh.
  5822 | D:6      | Noticed Dowan
  5825 | D:6      | Noticed Duvessa
  5846 | D:6      | Killed Duvessa
  5846 | D:6      | Reached skill level 7 in Long Blades
  5856 | D:6      | Killed Dowan
  5954 | D:6      | Noticed Prince Ribbit
  5957 | D:6      | Found a sacrificial altar of Ru.
  5961 | D:6      | Killed Prince Ribbit
  5961 | D:6      | Reached XP level 9. HP: 56/56 MP: 10/10
  5982 | D:6      | Found a sparkling altar of Nemelex Xobeh.
  6072 | D:6      | Found a glowing golden altar of the Shining One.
  6072 | D:6      | Found a hide-covered altar of Uskayaw.
  6405 | D:6      | Became a worshipper of Ru the Awakened
  6418 | D:7      | Found a staircase to the Ecumenical Temple.
  6484 | Temple   | Entered the Ecumenical Temple
  7082 | D:7      | Reached skill level 1 in Armour
  7141 | D:7      | Found Nenaxt's Food Boutique.
  7241 | D:7      | Reached skill level 8 in Long Blades
  7622 | D:8      | Found a shattered altar of Ashenzari.
  7623 | D:8      | Found a white marble altar of Elyvilon.
  7635 | D:8      | Found a hazy altar of Hepliaklqana.
  7679 | D:8      | Found Yvuss's Jewellery Shoppe.
  7717 | D:8      | Found Tebraas's Gadget Boutique.
  7780 | D:8      | Noticed a two-headed ogre
  7787 | D:8      | Killed a two-headed ogre
  7787 | D:8      | Reached XP level 10. HP: 59/64 MP: 8/11
  7790 | D:8      | Found Yne Ecwy's Book Boutique.
  7850 | D:8      | Gained mutation: You are hated by all. [Ru sacrifice]
  7850 | D:8      | Reached * piety under Ru
  7892 | D:8      | Found Jexumnax's Antique Weapon Shop.
  7897 | D:8      | Bought a glowing falchion for 102 gold pieces
  7934 | D:8      | Reached skill level 9 in Long Blades
  8489 | D:9      | Found a bloodstained altar of Trog.
  8769 | D:9      | Reached skill level 5 in Armour
  8985 | D:9      | Found a shimmering altar of Xom.
  9198 | D:10     | Entered Level 10 of the Dungeon
  9198 | D:10     | Noticed a cyclops
  9393 | D:9      | Killed a cyclops
  9445 | D:10     | Reached XP level 11. HP: 67/69 MP: 12/12
  9447 | D:10     | Reached skill level 10 in Long Blades
  9511 | D:10     | Reached skill level 10 in Dodging
  9521 | D:10     | Gained mutation: You cannot study or cast Fire magic. [Ru
                  | sacrifice]
  9521 | D:10     | Gained mutation: You cannot study or cast Hexes magic. [Ru
                  | sacrifice]
  9521 | D:10     | Gained mutation: You cannot study or cast Translocations
                  | magic. [Ru sacrifice]
  9521 | D:10     | Reached ** piety under Ru
  9729 | D:10     | Found a staircase to the Lair.
  9811 | D:11     | Noticed an unseen horror
  9824 | D:11     | Killed an unseen horror
  9914 | D:11     | Noticed a white ugly thing
  9921 | D:11     | Killed a white ugly thing
 10036 | D:11     | Noticed a green ugly thing
 10046 | D:11     | Killed a green ugly thing
 10185 | D:11     | Noticed Josephine
 10192 | D:11     | Killed Josephine
 10208 | D:11     | Reached skill level 11 in Long Blades
 10276 | D:11     | Noticed Erolcha
 10283 | D:11     | Killed from afar by Erolcha

Levels and vault maps discovered:
D:1:      minmay_arrival_plants_in_alcoves, layout_basic, minmay_misc_feat_rows,
          minmay_quantized
D:2:      cheibrodos_helix_gallery, layout_loops_ring,
          nicolae_qazlal_general_emergency, uniq_jessica
D:3:      layout_basic, st_stairs_6, uniq_terence
D:4:      layout_cave_pools, grunt_temple_overflow_gold_and_silver, first_ration
D:5:      layout_loops_cross, grunt_temple_overflow_growth_and_decay,
          hangedman_decor_riveting, kennysheep_dice, uniq_crazy_yiuf_cottage
D:6:      layout_basic, nemelex_altar_shiori, gammafunk_temple_overflow_statue,
          basic_altar, nemelex_lonely_heart_becter, uniq_menkaure,
          uniq_prince_ribbit1, uniq_sigmund, uniq_duvessa
D:7:      layout_basic, minmay_temple_entry_overgrown, serial_shops,
          shop_fountains
D:8:      layout_loops_cross, grunt_temple_overflow_open, serial_shops,
          nicolae_shop_competitors_out_of_business, kennysheep_little_box, shop,
          nicolae_shop_crystal, the_bakery, hangedman_glass_teeth
D:9:      layout_irregular_city, lemuel_coloured_pillars_altar,
          nicolae_overflow_crystal_walls
D:10:     layout_rooms, lair_entry_dummy
D:11:     minmay_imperfect_grid, layout_basic, orc_0_dummy, uniq_josephine,
          uniq_erolcha, uniq_maurice
Temple:   compressed_dpeg_triangle_lava_temple

Skill      XL: |  1  2  3  4  5  6  7  8  9 10 11 |
---------------+----------------------------------+-----
Dodging        | 4 5 7 8 9 10 | 10.0
Long Blades    | 4 5 7 8 9 11 | 11.0
Shields        | 1 2 3 4 |  4.1
Fighting       | 3 4 6 7 8 9 |  9.9
Armour         | 4 6 7 |  7.9
Throwing       | |  2.0

Action                   |  1- 3 |  4- 6 |  7- 9 | 10-12 || total
-------------------------+-------+-------+-------+-------++-------
Melee: Long sword        |    72 |   146 |       |       ||   218
       Kick              |    17 |    56 |    53 |    98 ||   224
       Peck              |     9 |    24 |    36 |    63 ||   132
       Falchion          |       |       |   161 |   218 ||   379
Invok: Sacrifice Love    |       |       |       |     1 ||     1
       Sacrifice Arcana  |       |       |       |     1 ||     1
 Abil: Fly               |       |       |     1 |       ||     1
Evoke: Wand              |       |       |       |     4 ||     4
  Use: Potion            |       |     1 |       |       ||     1
       Scroll            |       |       |     6 |       ||     6
 Stab: Sleeping          |       |     1 |     5 |     4 ||    10
  Eat: Chunk             |       |    10 |    10 |     7 ||    27
       Ration            |       |       |     1 |       ||     1
Armor: Leather armour    |     4 |       |       |       ||     4
       Ring mail         |    19 |    24 |    24 |    13 ||    80
       Troll leather arm |       |       |       |     8 ||     8
Dodge: Dodged            |    46 |    69 |    69 |   151 ||   335
Block: Buckler           |       |    32 |    24 |    44 ||   100
       Rpst.: Long sword |    18 |    14 |       |       ||    32
       Falchion          |       |       |    19 |    46 ||    65
